 Dungeon Crawl Stone Soup version 0.29-a0-418-gc0181ea820 (webtiles) character file.

Game seed: 13976846689062271237

279227 freelancePsychic the Warrior (level 19, -18/148 HPs)
             Began as a Green Draconian Berserker on May 17, 2022.
             Was the Champion of Trog.
             Killed from afar by a balrug (50 damage)
             ... with a bolt of fire
             ... on level 3 of the Abyss.
             The game lasted 01:28:38 (41936 turns).

freelancePsychic the Warrior (DrBe)                Turns: 41936, Time: 01:28:39

Health: -18/148    AC: 23    Str: 19    XL:     19   Next: 65%
Magic:  19/19      EV: 19    Int: 17    God:    Trog [******]
Gold:   2070       SH: 29    Dex: 18    Spells: 18/18 levels left

rFire   . . .      SeeInvis +   a - +8 demon blade (drain)
rCold   + + .      Faith    .   l - +7 tower shield
rNeg    . . .      Spirit   .   (body armour unavailable)
rPois   +          Reflect  .   Q - +2 hat {Will+}
rElec   .          Harm     .   P - +2 cloak
rCorr   .          Rampage  .   T - +2 pair of gloves of Ashenzari's Generosity {Int+8}
Will    ++...                   E - +0 pair of boots "Deholikh" {Drain rC+ Slay+2}
Stlth   +++.......              Y - amulet of regeneration
HPRegen 1.14/turn               A - +4 ring of protection
MPRegen 0.16/turn               D - ring of Taodeus {*Corrode rC+ Slay+6 SInv Stlth-}

@: mighty, hasted, very quick
A: breathe noxious fumes, AC +10, unfitting armour, stinger 1, poison
resistance, cold-blooded, [deterioration 2], [frail 2]
}: 2/15 runes: decaying, gossamer
a: Breathe Noxious Fumes, Renounce Religion, Berserk, Trog's Hand, Brothers in
Arms


You were on level 3 of the Abyss.
You worshipped Trog.
Trog was exalted by your worship.
You visited 6 branches of the dungeon, and saw 34 of its levels.
You visited the Abyss 2 times.
You also visited: Sewer, Gauntlet and Ice Cave.

You collected 3607 gold pieces.
You spent 1537 gold pieces at shops.

Inventory:

Hand Weapons
 a - a +8 demon blade of draining (weapon)
 b - a +1 dagger of draining
 N - a +1 double sword
Missiles
 H - 7 throwing nets
Armour
 l - a +7 tower shield (worn)
 E - the +0 pair of boots "Deholikh" (worn) {Drain rC+ Slay+2}
   (You found it on level 2 of the Spider Nest)

   Slay:      It affects your accuracy & damage with ranged weapons and melee
   (+2).
   rC:        It protects you from cold.
   Drain:     It drains your maximum health when unequipped.
 I - a +2 pair of boots of stealth
 P - a +2 cloak (worn)
 Q - a +2 hat of willpower (worn)
 T - the +2 pair of gloves of Ashenzari's Generosity (worn) {Int+8}
   (You acquired it on level 3 of the Lair of Beasts)

   Int:       It affects your intelligence (+8).
Jewellery
 c - a ring of protection from fire
 A - a +4 ring of protection (left hand)
 D - the ring of Taodeus (right hand) {*Corrode rC+ Slay+6 SInv Stlth-}
   (You found it on level 1 of the Orcish Mines)

   [ring of see invisible]

   Slay:      It affects your accuracy & damage with ranged weapons and melee
   (+6).
   rC:        It protects you from cold.
   SInv:      It lets you see invisible.
   *Corrode:  It may corrode you when you take damage.
   Stlth:     It makes you less stealthy.
 M - a ring of willpower
 R - a +6 ring of dexterity
 W - a ring of fire
 Y - an amulet of regeneration (around neck)
 Z - a ring of magical power
Wands
 m - a wand of polymorph (15)
 B - a wand of digging (5)
 C - a wand of mindburst (5)
 G - a wand of acid (15)
 O - a wand of iceblast (7)
 V - a wand of flame (49)
Scrolls
 i - 11 scrolls of teleportation {@r4}
 p - 4 scrolls of fog
 r - 4 scrolls of magic mapping
 t - 2 scrolls of summoning
 v - 8 scrolls of poison
 y - 4 scrolls of fear
 z - 8 scrolls of immolation
 F - 4 scrolls of blinking
 K - 6 scrolls of vulnerability
 L - 3 scrolls of silence
 S - 3 scrolls of brand weapon
Potions
 d - 5 potions of mutation
 e - 16 potions of curing {@q1}
 f - 4 potions of lignification
 g - 12 potions of heal wounds {@q2}
 h - 3 potions of attraction
 k - 3 potions of resistance
 o - 4 potions of haste {@q3}
 q - 3 potions of flight
 s - 6 potions of cancellation
 u - 10 potions of might
 w - 6 potions of magic
 x - a potion of berserk rage
 U - 6 potions of ambrosia
 X - 3 potions of invisibility
Miscellaneous
 n - a phial of floods
 J - a lightning rod (1/4)


   Skills:
 - Level 20.0 Fighting
 - Level 3.7(9.7) Short Blades
 - Level 13.7(14.0) Long Blades
 + Level 13.1 Dodging
 - Level 8.6 Stealth
 * Level 19.1 Shields
 + Level 10.2 Evocations


You had 18 spell levels left.
You didn't know any spells.
Your spell library was empty.

Dungeon Overview and Level Annotations

Branches:
Dungeon (15/15)            Temple (0/1) D:6            Lair (6/6) D:8
  Swamp (4/4) Lair:3       Spider (4/4) Lair:3        Slime (0/5) Lair:6
    Orc (2/2) D:11            Elf (3/3) Orc:2        Vaults (0/5) D:14
 Depths (0/4) D:15          Sewer (visited)           IceCv (visited)
Gauntlet (visited)

Altars:
Cheibriados
Fedhas
Gozag
Okawaru
Sif Muna
Trog
Vehumet
Xom
The Shining One
Lugonu

Shops:
D:2 *   D:6 (   D:11 *(!=   Orc:2 *[(::   Elf:1 :

Portals:
Abyss: Orc:1 Lair:6

Annotations:
D:13 2 transporters, Psyclone's ghost, novice DEIE
Lair:5 1 runed translucent door, leviel's ghost, journeyman HOFi
Elf:2 3 runed translucent doors, Roxanne


Innate Abilities, Weirdness & Mutations

You can breathe blasts of noxious fumes.
Your lurid green scales are hard. (AC +10)
You cannot fit into any form of body armour.
Your tail ends in a venomous barb.
Your system is resistant to poisons. (rPois)
You are cold-blooded and may be slowed by cold attacks.
[Your body often deteriorates upon taking damage.]
[You are very frail. (-20% HP)]


Message History

The sun demon is heavily wounded.
You block the sun demon's attack.
You feel very mighty all of a sudden.
The wretched star glows turbulently.
You block the lance of force. You block the sun demon's attack.
You feel yourself speed up. The balrug gestures at you.
The fireball explodes!
The fireball engulfs the sun demon.
The sun demon completely resists.
The fireball engulfs you!!
The fireball engulfs the sun demon.
The sun demon completely resists.
The fireball engulfs the balrug.
The balrug completely resists.
The wretched star pulses with an eldritch light!
You feel yourself wasting away.
You feel your body start to fall apart. The sun demon hits you!
You are engulfed in flames!
You hear a howl!
You hear a bark! x2
You slice the sun demon!!
You kill the sun demon!
That felt strangely unrewarding.
The wretched star glows turbulently.
You block the lance of force.
The wretched star pulses with an eldritch light!
You slice the wretched star!!
The wretched star is moderately damaged.
You slash the wretched star!
The wretched star is heavily damaged.
The sun demon completely misses you.
You slice the wretched star!!
You tail-slap the wretched star, but do no damage.
The wretched star is severely damaged.
The sun demon hits you!!
* * * LOW HITPOINT WARNING * * *
You are engulfed in flames!
* * * LOW HITPOINT WARNING * * *
You slice the wretched star!!
You destroy the wretched star!
That felt strangely unrewarding.
The balrug gestures at you.
The bolt of fire hits the sun demon.
The sun demon completely resists.
The bolt of fire hits you!!!
You die...

### ### .....#
######.# ...#.
# #.##.# #@32X#
# #.###.# ≈..
#3# ..# ≈≈.*≈.
.2#... .#
≈≈.#≈#.. ...#.
. .≈#.XXX#....#
..≈ ≈...# #..#.
#.≈...≈...###.#
.. . ...≈≈)# ..
.


You could see a starcursed mass, a balrug, a sun demon and a smoke demon.

Vanquished Creatures
  Mara (Spider:3)
  Nikola (Swamp:2)
  Agnes (Spider:2)
  2 tentacled starspawn
  Gastronok (Lair:2)
  2 thorn hunters
  Kirke (Swamp:4)
  Donald (Swamp:3)
  A deep elf sorcerer (Elf:1)
  3 emperor scorpions
  6 ghost moths
  An orc warlord (Orc:1)
  Aizul (Spider:1)
  A very ugly thing (IceCv)
  A deep elf elementalist (Elf:1)
  A broodmother (Spider:4)
  A stone giant (D:15)
  2 deep elf demonologists
  6 eleionomae
  The ghost of Dootley the Carver, a journeyman FoFi of Dithmenos (Orc:1)
  5 bunyips
  An entropy weaver (Spider:2)
  A deep elf annihilator (Elf:1)
  A minotaur (Gauntlet)
  2 shambling mangroves
  A great orb of eyes (Orc:1)
  4 ghost crabs
  A vault guard (D:14)
  An ogre mage (D:15)
  Harold (Lair:2)
  20 hydras
  A boulder beetle (D:13)
  A jorogumo (Spider:4)
  A spriggan air mage (Swamp:1)
  3 radroaches (Spider:4)
  5 centaur warriors
  13 dancing weapons
  7 two-headed ogres
  7 alligators
  A naga sharpshooter (Abyss:3)
  3 thrashing horrors (Lair:6)
  13 deep elf knights
  4 skeletal warriors (D:15)
  2 wretched stars (Abyss:3)
  2 sun demons (Abyss:3)
  3 pharaoh ants (Spider:4)
  6 goliath frogs
  11 spriggan druids
  8 orb spiders
  12 bog bodies
  A steelbarb worm (Spider:1)
  An orange crystal statue (D:9)
  7 orc knights
  10 swamp dragons
  9 deep elf archers
  6 wizards
  Pikel (D:6)
  14 deep elf pyromancers
  A necromancer (D:14)
  15 deep elf zephyrmancers
  10 ugly things
  18 wolf spiders
  2 cyclopes
  2 worldbinders (Orc:1)
  6 will-o-the-wisps
  A manticore (D:15)
  An apocalypse crab (Abyss:3)
  7 black mambas
  7 elephants
  2 gargoyles
  3 smoke demons (Lair:6)
  3 torpor snails (Spider:3)
  12 cane toads
  A kobold demonologist (D:10)
  9 komodo dragons
  A yaktaur (shapeshifter) (Orc:1)
  2 tengu conjurers (D:15)
  2 efreet
  3 anaconda simulacra (IceCv)
  A rime drake (Lair:3)
  4 yaktaurs (D:15)
  A bloated husk (Swamp:2)
  8 tyrant leeches
  7 trolls
  3 meliai (D:14)
  30 hornets
  2 ancient zymes
  23 slime creatures
  A polar bear (Lair:2)
  35 blink frogs
  15 tarantellas
  3 raiju (Abyss:4)
  6 dream sheep (Lair:6)
  19 culicivoras
  32 jumping spiders
  4 ynoxinuls
  A dire elephant simulacrum (IceCv)
  23 spriggans
  2 water elementals
  4 wyverns
  A shadow (D:12)
  11 basilisks
  28 yaks
  18 humans (D:14)
  6 fire elementals
  3 hogs
  A chaos spawn (Lair:6)
  7 vampire mosquitoes
  26 redbacks
  4 steam dragons
  2 harpy simulacra (IceCv)
  3 acid dragons
  10 swamp worms
  15 water moccasins
  8 wargs
  A hell hound (Gauntlet)
  A floating eye (shapeshifter) (Lair:6)
  2 ice beasts
  3 black bears
  42 orc warriors
  9 starcursed masses
  2 alligator simulacra (IceCv)
  8 large abominations
  11 swamp drakes
  8 wolves
  10 ogres
  18 centaurs
  A kobold brigand (D:7)
  A gnoll sergeant (D:10)
  4 earth elementals
  12 bullfrogs
  A necrophage (D:7)
  4 scorpions
  5 wights (D:10)
  16 small abominations
  8 killer bees (D:8)
  4 howler monkeys
  A quasit (Abyss:4)
  9 hounds
  10 jellies
  10 orc priests
  Crazy Yiuf (D:5)
  7 gnoll shamans
  7 iguanas
  22 orc wizards
  Robin (D:2)
  23 gnolls
  12 adders
  A river rat (Sewer)
  2 shadow imps (Gauntlet)
  3 ufetubi
  3 worms
  A dart slug (D:5)
  88 orcs
  5 ball pythons
  10 bats
  29 endoplasms
  7 giant cockroaches
  8 hobgoblins
  9 jackals
  5 quokkas
  5 frilled lizards
  10 goblins
  16 kobolds
  4 rats
  A starspawn tentacle (Abyss:4)
1181 creatures vanquished.

Vanquished Creatures (collateral kills)
  the Lernaean hydra (Swamp:4)
  Mlioglotl (Spider:3)
  An eleionoma (Swamp:1)
  3 hydras
  A rakshasa (Abyss:3)
  A shock serpent (Abyss:3)
  A starcursed mass (Abyss:3)
  A smoke demon (Abyss:3)
  A bloated husk (Swamp:1)
  A tyrant leech (Swamp:1)
  A slime creature (D:13)
  A small abomination (Abyss:3)
14 creatures vanquished.

Vanquished Creatures (others)
  A hydra (Swamp:4)
  A blink frog (Lair:6)
  A tarantella (Spider:4)
  A water elemental (Elf:1)
  A briar patch (Swamp:3)
  14 demonic plants (Gauntlet)
  13 foxfires
  79 fungi
  78 plants
  6 starspawn tentacles
195 creatures vanquished.

Grand Total: 1390 creatures vanquished

Notes
Turn   | Place    | Note
-------+----------+-------------------------------------------
     0 | D:1      | freelancePsychic the Draconian Berserker began the quest
                  | for the Orb.
     0 | D:1      | Reached XP level 1. HP: 19/19 MP: 1/1
   116 | D:1      | Found a faded altar of an unknown god.
   275 | D:1      | Reached XP level 2. HP: 21/26 MP: 2/2
   444 | D:1      | You fall into a shaft and drop 1 floor!
   585 | D:2      | Reached skill level 1 in Stealth
   604 | D:2      | Reached XP level 3. HP: 33/33 MP: 3/3
   934 | D:2      | Identified the +5 spear of Annihilation {holy, rF+++ Will-
                  | rCorr SInv}
   999 | D:2      | Noticed Robin
  1051 | D:2      | Killed Robin
  1063 | D:2      | Reached ** piety under Trog
  1067 | D:2      | Reached skill level 1 in Long Blades
  1264 | D:2      | Reached XP level 4. HP: 40/40 MP: 4/4
  1348 | D:2      | Found Duneaw's Assorted Antiques.
  1353 | D:2      | Bought a scroll labelled CESAAF ZAOFI for 30 gold pieces
  1715 | D:3      | Found a radiant altar of Vehumet.
  1715 | D:3      | Found a shimmering blue altar of Sif Muna.
  1733 | D:3      | Reached skill level 4 in Fighting
  1847 | D:3      | Identified the +8 long sword of Xueclok {venom, Will+}
  2099 | D:3      | Identified the amulet of New Discoveries {Faith Rampage}
  2441 | D:2      | Bought a scroll of identify for 60 gold pieces
  2441 | D:2      | Bought a scroll labelled MIDABUPUUS for 30 gold pieces
  2627 | D:4      | Noticed a scorpion
  2629 | D:4      | Noticed a centaur
  2629 | D:4      | a scorpion changed into a centaur
  2634 | D:4      | Killed a centaur
  2635 | D:4      | Reached XP level 5. HP: 37/47 MP: 5/5
  2793 | D:4      | Reached XP level 6. HP: 44/53 MP: 6/6
  2916 | D:4      | Found a glowing drain.
  2949 | Sewer    | Entered a sewer
  3256 | Sewer    | Found a viscous altar of Jiyva.
  3261 | Sewer    | Reached skill level 5 in Fighting
  3499 | D:4      | Reached *** piety under Trog
  3504 | D:4      | Your scales start taking on a lurid green colour.
  3504 | D:4      | Reached XP level 7. HP: 58/61 MP: 7/7
  3504 | D:4      | Gained mutation: Your system is resistant to poisons.
                  | (rPois) [Green Draconian growth]
  3689 | D:4      | Found an iron altar of Okawaru.
  3689 | D:4      | Found a snail-covered altar of Cheibriados.
  4204 | D:2      | Bought a scroll labelled JYAPOF YVOLA for 30 gold pieces
  4204 | D:2      | Bought a scroll labelled PAIHOROG MOEH for 30 gold pieces
  4276 | D:5      | Entered Level 5 of the Dungeon
  4331 | D:5      | Reached skill level 5 in Long Blades
  4948 | D:5      | Reached skill level 6 in Fighting
  5089 | D:5      | Reached XP level 8. HP: 56/70 MP: 8/8
  5210 | D:5      | Reached skill level 5 in Stealth
  5979 | D:5      | Found a runed translucent door.
  5981 | D:5      | Noticed Crazy Yiuf
  6107 | D:5      | Killed Crazy Yiuf
  6246 | D:6      | Found Rudeexyi's Antique Weapon Boutique.
  6290 | D:6      | Reached **** piety under Trog
  6294 | D:6      | Reached skill level 7 in Fighting
  6354 | D:6      | Reached XP level 9. HP: 71/79 MP: 9/9
  6455 | D:6      | Noticed Pikel
  6468 | D:6      | Killed Pikel
  6498 | D:6      | Found a staircase to the Ecumenical Temple.
  6695 | D:7      | Reached skill level 8 in Fighting
  6695 | D:7      | Reached skill level 1 in Shields
  6837 | D:7      | Found a glowing golden altar of the Shining One.
  7273 | D:7      | Reached XP level 10. HP: 61/90 MP: 10/10
  7430 | D:7      | Reached skill level 10 in Long Blades
  7704 | D:8      | Found a blossoming altar of Fedhas.
  7805 | D:8      | Reached ***** piety under Trog
  7840 | D:8      | Reached skill level 9 in Fighting
  8123 | D:8      | Identified the +5 ring mail of the Game of Life {rCorr}
  8289 | D:8      | Found a staircase to the Lair.
  9017 | D:9      | Reached skill level 1 in Evocations
  9043 | D:9      | Noticed an orange crystal statue
  9066 | D:9      | Killed an orange crystal statue
  9224 | D:10     | Entered Level 10 of the Dungeon
  9452 | D:10     | Reached XP level 11. HP: 78/99 MP: 11/11
  9540 | D:10     | Found an opulent altar of Gozag.
  9632 | D:10     | Noticed a two-headed ogre
  9637 | D:10     | Reached skill level 10 in Fighting
  9693 | D:10     | Killed a two-headed ogre
 10922 | D:11     | Found Warchiur's Distillery.
 10923 | D:11     | Noticed a two-headed ogre
 10938 | D:11     | Killed a two-headed ogre
 10942 | D:11     | Bought a potion of heal wounds for 75 gold pieces
 11101 | D:11     | Found a staircase to the Orcish Mines.
 11136 | D:11     | Found Epli Fin's General Store.
 11195 | D:11     | Found Teneugoh's Antique Weapon Boutique.
 11269 | D:11     | Found Rauxomy's Jewellery Emporium.
 11269 | D:11     | Noticed a deep elf pyromancer
 11277 | D:11     | Killed a deep elf pyromancer
 11559 | D:2      | Bought an embroidered cloak for 225 gold pieces
 11758 | D:11     | Bought a wand of iceblast (7) for 187 gold pieces
 11758 | D:11     | Bought a wand of iceblast (4) for 136 gold pieces
 11869 | Lair:1   | Entered Level 1 of the Lair of Beasts
 11988 | Lair:1   | You fall into a shaft and drop 1 floor!
 12297 | Lair:1   | Received a gift from Trog
 12348 | Lair:1   | Reached skill level 5 in Evocations
 12572 | Lair:1   | Reached skill level 11 in Fighting
 12591 | Lair:1   | Found a shimmering altar of Xom.
 12799 | Lair:2   | Noticed Harold
 13122 | Lair:2   | Noticed Gastronok
 13136 | Lair:2   | Killed Gastronok
 13558 | Lair:2   | Killed Harold
 13559 | Lair:2   | Reached XP level 12. HP: 104/110 MP: 12/12
 13647 | Lair:3   | Found a staircase to the Swamp.
 13769 | Lair:3   | Found a hole to the Spider Nest.
 14665 | Lair:3   | Identified a scroll of acquirement
 14666 | Lair:3   | Acquired the +2 pair of gloves of Ashenzari's Generosity
                  | {Int+8}
 14703 | Lair:4   | Noticed a five-headed hydra
 14716 | Lair:4   | Killed a five-headed hydra
 14717 | Lair:4   | Reached skill level 12 in Fighting
 15445 | Lair:4   | Reached skill level 5 in Shields
 15594 | Lair:4   | Received a gift from Trog
 15954 | Lair:4   | Noticed a five-headed hydra
 15961 | Lair:4   | Killed a five-headed hydra
 16297 | Lair:5   | Noticed a dire elephant
 16297 | Lair:5   | Found a runed translucent door.
 16298 | Lair:5   | Noticed leviel's ghost (journeyman HOFi)
 16398 | Lair:5   | Reached skill level 13 in Fighting
 16527 | Lair:5   | Noticed a six-headed hydra
 16542 | Lair:5   | Killed a six-headed hydra
 16543 | Lair:5   | Reached XP level 13. HP: 74/122 MP: 13/13
 16863 | Lair:5   | Identified the +1 scale mail "Winyun" {rN+++}
 16893 | Lair:5   | Reached skill level 5 in Dodging
 17596 | Lair:6   | Entered Level 6 of the Lair of Beasts
 17598 | Lair:6   | Found a gate leading to a gauntlet.
 17607 | Gauntlet | Entered a Gauntlet
 17607 | Gauntlet | Found a transporter.
 17607 | Gauntlet | Found a transporter.
 17611 | Gauntlet | Found a transporter.
 17611 | Gauntlet | Found a transporter.
 17622 | Gauntlet | Found a transporter.
 17629 | Gauntlet | Found a transporter.
 17637 | Gauntlet | Found a transporter.
 17639 | Gauntlet | Found a transporter.
 17639 | Gauntlet | Found a transporter.
 17670 | Gauntlet | Found a transporter.
 17682 | Gauntlet | Found a transporter.
 17728 | Gauntlet | Found a transporter.
 17737 | Gauntlet | Found a transporter.
 17751 | Gauntlet | Found a transporter.
 17851 | Gauntlet | Found a transporter.
 17869 | Gauntlet | Found a transporter.
 18447 | Gauntlet | Identified the ring "Tilyag" {Str+5 Int+6}
 18519 | Gauntlet | Identified the +0 pair of gloves of Absence {Harm rPois
                  | Str-3}
 18675 | Gauntlet | Noticed a minotaur
 18680 | Gauntlet | Killed a minotaur
 18986 | Lair:6   | Reached skill level 14 in Fighting
 19341 | Lair:6   | Found a staircase to the Slime Pits.
 20638 | Lair:6   | Gained mutation: Your tail ends in a venomous barb. [Green
                  | Draconian growth]
 20638 | Lair:6   | Reached XP level 14. HP: 104/133 MP: 14/14
 21751 | Lair:6   | Found a corrupted altar of Lugonu.
 21751 | Lair:6   | Found a one-way gate to the infinite horrors of the Abyss.
 22343 | D:12     | Received a gift from Trog
 23345 | D:13     | Reached skill level 15 in Fighting
 23486 | D:13     | Found a transporter.
 23487 | D:13     | Noticed Psyclone's ghost (novice DEIE)
 23506 | D:13     | Found a transporter.
 24485 | D:14     | Reached skill level 10 in Shields
 24984 | D:14     | Reached skill level 10 in Evocations
 25126 | D:14     | Found a gate to the Vaults.
 25582 | D:14     | Found a bloodstained altar of Trog.
 26070 | D:15     | Entered Level 15 of the Dungeon
 26095 | D:15     | Reached XP level 15. HP: 143/143 MP: 15/15
 26151 | D:15     | Found a staircase to the Depths.
 26163 | D:15     | Reached skill level 16 in Fighting
 26641 | D:15     | Found a radiant altar of Vehumet.
 27556 | Orc:1    | Entered Level 1 of the Orcish Mines
 27955 | Orc:1    | Found a transporter.
 27998 | Orc:1    | Noticed Dootley's ghost (journeyman FoFi)
 28030 | Orc:1    | Noticed Sonja
 28209 | Orc:1    | Noticed Sonja
 28209 | Orc:1    | Sonja changed into Sonja the elephant
 28218 | Orc:1    | Killed Sonja the elephant
 28291 | Orc:1    | Found a transporter.
 28292 | Orc:1    | Noticed an orc warlord
 28516 | Orc:1    | Killed Dootley's ghost
 28694 | Orc:1    | Cast into level 4 of the Abyss (orc warlord)
 28694 | Abyss:4  | Found a corrupted altar of Lugonu.
 28756 | Abyss:4  | Noticed a tentacled starspawn
 28769 | Abyss:4  | Killed a tentacled starspawn
 28838 | Abyss:4  | Found a blossoming altar of Fedhas.
 28843 | Abyss:4  | Noticed a tentacled starspawn
 28851 | Orc:1    | Escaped the Abyss
 28864 | Orc:1    | Killed an orc warlord
 29208 | Orc:1    | Identified the ring of Taodeus {*Corrode rC+ Slay+6 SInv
                  | Stlth-}
 29352 | Orc:2    | Entered Level 2 of the Orcish Mines
 29578 | Orc:2    | Received a gift from Trog
 29611 | Orc:2    | Reached skill level 17 in Fighting
 30194 | Orc:2    | Found a staircase to the Elven Halls.
 30280 | Orc:2    | Found Jymua's Book Boutique.
 30406 | Orc:2    | Found Ecai's Weapon Boutique.
 30406 | Orc:2    | Found Jeffieb's Armour Shoppe.
 30408 | Orc:2    | Found Usagame's General Store.
 30410 | Orc:2    | Found Yntos's Book Shop.
 30598 | D:11     | Bought a scroll of blinking for 127 gold pieces
 30598 | D:11     | Bought a scroll of blinking for 127 gold pieces
 30645 | D:11     | Bought an amulet of regeneration for 480 gold pieces
 30794 | Swamp:1  | Entered Level 1 of the Swamp
 30920 | Swamp:1  | Received a gift from Trog
 32055 | Swamp:2  | Reached XP level 16. HP: 151/157 MP: 16/16
 32223 | Swamp:2  | Identified the amulet "Feaheud" {Reflect rF- Str+3 Int+2
                  | Dex+3 SH+5}
 32521 | Swamp:2  | Reached skill level 18 in Fighting
 32810 | Swamp:2  | Noticed Nikola
 32831 | Swamp:2  | Killed Nikola
 33557 | Swamp:3  | Noticed a thorn hunter
 33586 | Swamp:3  | Killed a thorn hunter
 33790 | Swamp:3  | Noticed Donald
 33819 | Swamp:3  | Killed Donald
 34120 | Swamp:4  | Entered Level 4 of the Swamp
 34158 | Swamp:4  | Reached skill level 10 in Dodging
 34369 | Swamp:4  | Reached skill level 19 in Fighting
 34726 | Swamp:3  | Reached skill level 15 in Shields
 34726 | Swamp:3  | Reached XP level 17. HP: 168/168 MP: 17/17
 34769 | Swamp:4  | Noticed Kirke
 35095 | Swamp:4  | Killed Kirke
 35160 | Swamp:4  | Noticed the 27-headed Lernaean hydra
 35205 | Swamp:4  | Killed the 27-headed Lernaean hydra
 35214 | Swamp:4  | Got a decaying rune of Zot
 35336 | Spider:1 | Entered Level 1 of the Spider Nest
 35669 | Spider:1 | Noticed Aizul
 35681 | Spider:1 | Killed Aizul
 36285 | Spider:2 | Reached skill level 20 in Fighting
 36373 | Spider:2 | Noticed Agnes
 36374 | Spider:2 | Identified the +0 pair of boots "Deholikh" {Drain rC+
                  | Slay+2}
 36385 | Spider:2 | Killed Agnes
 36774 | Spider:3 | Noticed Mara
 36779 | Spider:3 | Noticed freelancePsychic's illusion
 36786 | Spider:3 | Killed Mara
 36788 | Spider:3 | Noticed Mlioglotl
 36794 | Spider:3 | Killed Mlioglotl
 37162 | Spider:4 | Entered Level 4 of the Spider Nest
 37189 | Spider:4 | Found the +18 shield of the Gong {rElec rN+ Will+ EV-5}
 37318 | Spider:4 | Found a frozen archway.
 37327 | IceCv    | Entered an ice cave
 37362 | IceCv    | Found a transporter.
 37374 | IceCv    | Found a transporter.
 37396 | Spider:4 | Received a gift from Trog
 38049 | Spider:4 | Reached XP level 18. HP: 151/178 MP: 18/18
 38303 | Spider:4 | Identified the -4 hat of Vegileg {Str+5}
 38526 | Spider:4 | Reached ****** piety under Trog
 38659 | Spider:4 | Got a gossamer rune of Zot
 39011 | Elf:1    | Entered Level 1 of the Elven Halls
 39011 | Elf:1    | Found a runed translucent gate.
 39011 | Elf:1    | Found a runed translucent gate.
 39011 | Elf:1    | Found a runed translucent gate.
 39011 | Elf:1    | Found a runed translucent gate.
 39011 | Elf:1    | Found a runed translucent gate.
 39011 | Elf:1    | Found a runed translucent gate.
 39011 | Elf:1    | You fall into a shaft and drop 1 floor!
 39011 | Elf:2    | Identified Roxanne's Catalogue of Shape Shifting
 39011 | Elf:2    | Noticed Roxanne
 39059 | Elf:2    | Received a gift from Trog
 39132 | Elf:2    | Found a runed translucent gate.
 39134 | Elf:2    | Found a runed translucent gate.
 39135 | Elf:2    | Found a runed translucent gate.
 39599 | Elf:1    | Found a runed translucent door.
 39971 | Elf:1    | Identified the +1 leather armour of the Hidden Vale {+Blink
                  | Int+3 Dex+2}
 39990 | Elf:1    | Noticed an Ice Fiend
 40126 | Elf:1    | Reached XP level 19. HP: 185/185 MP: 19/19
 40247 | Elf:1    | Received a gift from Trog
 40400 | Elf:1    | Found a runed translucent door.
 40566 | Elf:1    | Found Foetoe's Book Shoppe.
 40746 | Elf:3    | Entered Level 3 of the Elven Halls
 41602 | Elf:3    | Cast into level 2 of the Abyss (a deep elf demonologist)
 41936 | Abyss:3  | Killed from afar by a balrug

Illustrated notes

Levels and vault maps discovered:
D:1:      lemuel_arrival_broad_hall, layout_basic,
          shapermc_ecumenical_altar_rom_forum
D:2:      layout_basic, serial_shops, shop, minmay_heptomino_o4, uniq_robin
D:3:      layout_loops_cross, jmf_multi_god_temple,
          minmay_misc_feat_four_crosses, chequers_arboretum,
          minmay_misc_feat_chi
D:4:      layout_loops_ring, mainiacjoe_overflow_catch_the_wave,
          gup_sewer_entry_glass
D:5:      minmay_chambers_of_threes, layout_layer_cave, uniq_crazy_yiuf_cottage
D:6:      layout_rooms, minmay_temple_entry_wispy, serial_shops,
          nicolae_stop_n_shop_2, uniq_pikel
D:7:      kennysheep_seaside_town, layout_rooms, kennysheep_little_box
D:8:      layout_rooms, fedhas_ov_isle_minmay, david_lair_shrubbed
D:9:      layout_basic, minmay_statue_bubble
D:10:     layout_basic, amcnicky_altar_gilded
D:11:     layout_roguey, hiddenorc1_lemuel, serial_shops,
          nicolae_shop_temple_entry_statues_fountains,
          nicolae_shop_hallway_stairs, shop, shop
D:12:     layout_stronghold
D:13:     layout_roguey, gammafunk_ghost_stat_death
D:14:     layout_gridville, grunt_vaults_entry_tiered, dk_noncrumbling_3,
          trog_hazing_becter
D:15:     grunt_enter_depths_giant_problem, layout_loops_cross,
          fiery_altar_vehumet
Lair:1:   layout_roguey, basic_altar, serial_bayou_shore_b,
          infiniplex_staircase_pool
Lair:2:   layout_hall_layers, small_statue_intersection, grunt_megastairs_3,
          infiniplex_staircase_pool_2, uniq_harold, uniq_gastronok
Lair:3:   layout_long_grid, minmay_swamp_entry_worms,
          hellmonk_spider_entry_life_and_decay
Lair:4:   lemuel_slime, layout_loops_ring, st_stairs_10
Lair:5:   layout_regular_city, ebering_ghost_inner_flame, serial_bayou_shore_b,
          grunt_megastairs_1
Lair:6:   hellmonk_lair_end_abyssal_woods, layout_hall_layers,
          nicolae_slime_entry_slimehenge, gauntlet_entry_generic,
          dreamdust_wasp_nest, lemuel_fruit_fields
Swamp:1:  layout_basic_swamp, evilmike_swamp_ruin_house_3, swamp_pool4
Swamp:2:  nicolae_swamp_wrong_neighborhood, layout_basic_swamp,
          evilmike_swamp_ruin_house_5, uniq_nikola
Swamp:3:  layout_basic_swamp, serial_swamp_ruin, evilmike_swamp_ruin_house_1,
          evilmike_swamp_ruin_wall, swamp_pool1, uniq_donald
Swamp:4:  grunt_swamp_rune_castle, layout_basic_swamp, swamp_pool2, uniq_kirke
Spider:1: layout_spider_delve, nicolae_spider_circle_web, uniq_aizul
Spider:2: layout_spider_delve, uniq_agnes
Spider:3: layout_spider_delve, uniq_mara, uniq_mlioglotl
Spider:4: grunt_spider_rune_parallel, portal_ice_cave_entry_pillars_three,
          nicolae_spider_checkerboard
Orc:1:    layout_caves, gammafunk_ghost_abyssal_escape, uniq_sonja
Orc:2:    st_orc_rangers, layout_caves, serial_shops, nicolae_shop_waterfront
Elf:1:    nicolae_elf_arrival_dilemma, layout_gridlike, serial_shops, shop,
          minivault_28, minmay_elf_demonology
Elf:2:    elven_hall_of_blades_hangedman_original
          [nicolae_blade_entry_diamond_columns], layout_loops_cross,
          uniq_roxanne
Elf:3:    elf_hall_gauntlet_narrow, layout_geoelf_castle
Abyss:3:  base: Depths:3, hangedman_cross_veins, nicolae_abyss_rune_left_handed,
          hangedman_abyss_theft, evilmike_abyss_rune_siren_acolytes,
          hangedman_abyss_theft

Skill      XL: |  1  2  3  4  5  6  7  8  9 10 11 12 13 14 15 16 17 18 19 |
---------------+----------------------------------------------------------+-----
Stealth        | 1 2 3 4 5 6 7 8 |  8.6
Long Blades    | 1 2 3 4 5 7 9 11 13 | 13.7
Fighting       | 4 5 6 7 8 9 11 13 14 15 17 19 20 | 20.0
Dodging        | 3 4 6 7 9 10 11 12 13 | 13.1
Shields        | 2 4 6 8 10 13 15 17 18 19 | 19.1
Evocations     | 2 5 7 9 10 | 10.2
Short Blades   | |  3.7

Action                   |  1- 3 |  4- 6 |  7- 9 | 10-12 | 13-15 | 16-18 | 19-21 || total
-------------------------+-------+-------+-------+-------+-------+-------+-------++-------
Melee: Short sword       |    48 |       |       |       |       |       |       ||    48
       Punch             |     3 |     5 |     1 |       |       |       |       ||     9
       Tailslap          |     8 |    14 |    35 |   106 |   325 |   234 |    44 ||   766
       Dagger            |    30 |       |       |    13 |    30 |   167 |       ||   240
       Demon blade       |    25 |   142 |   243 |   629 |  1653 |  1026 |   171 ||  3889
       Unarmed           |       |       |       |       |     2 |       |       ||     2
Invok: Berserk           |     2 |     2 |     4 |     7 |    12 |     9 |       ||    36
       Trog's Hand       |       |     1 |     1 |     1 |    19 |     3 |     1 ||    26
       Brothers in Arms  |       |       |       |     1 |     3 |     8 |       ||    12
 Abil: Breathe Noxious F |       |       |    25 |    30 |    38 |     8 |       ||   101
Evoke: Wand              |       |     2 |       |     5 |    23 |    28 |     5 ||    63
       Lightning rod     |       |       |       |       |     8 |    10 |     4 ||    22
       Phial of floods   |       |       |       |       |       |     2 |     1 ||     3
  Use: Potion            |     2 |       |       |       |     4 |     4 |     3 ||    13
       Scroll            |       |     9 |     5 |    12 |    14 |    20 |     3 ||    63
 Stab: Sleeping          |     1 |     2 |     4 |    20 |    18 |    18 |     2 ||    65
       Confused          |       |       |     9 |    22 |    17 |    10 |       ||    58
       Distracted        |       |       |     1 |     3 |     3 |       |       ||     7
       Invisible         |       |       |       |       |     8 |       |       ||     8
Armor: Skin              |    31 |    80 |    85 |   180 |   529 |   406 |    16 ||  1327
Dodge: Dodged            |    77 |   118 |   134 |   264 |   661 |   539 |    42 ||  1835
Block: Buckler           |       |       |    10 |    68 |       |       |       ||    78
       Kite shield       |       |       |       |    70 |   682 |       |       ||   752
       Tower shield      |       |       |       |       |   159 |  1600 |   163 ||  1922

Table legend: (Time is in decaauts)
 A = Elapsed time spent in this place.
 B = Non-inter-level travel time spent in this place.
 C = Inter-level travel time spent in this place.
 D = Time resting spent in this place.
 E = Time spent auto-exploring this place.
 F = Levels seen in this place.
 G = Mean time per level.
                   A        B        C        D        E       F      G
               +--------+--------+--------+--------+--------+-----+--------+
         Total |  41724 |  39026 |   2698 |   3523 |  26694 |  40 | 1043.1 |
       Dungeon |  17111 |  15498 |   1613 |   1322 |  11139 |  15 | 1140.7 |
          Lair |   9045 |   8578 |    467 |    912 |   6197 |   6 | 1507.5 |
         Swamp |   4666 |   4468 |    198 |    681 |   2288 |   4 | 1166.5 |
   Spider Nest |   3319 |   3141 |    178 |     24 |   2212 |   4 |  829.8 |
  Orcish Mines |   2809 |   2664 |    145 |    369 |   1516 |   2 | 1404.5 |
   Elven Halls |   2532 |   2438 |     94 |      0 |   1992 |   3 |  844.0 |
         Abyss |    467 |    467 |      0 |     41 |    172 |   3 |  155.7 |
         Sewer |    591 |    591 |      0 |    142 |    293 |   1 |  591.0 |
      Ice Cave |     60 |     60 |      0 |      0 |     27 |   1 |   60.0 |
      Gauntlet |   1119 |   1119 |      0 |     29 |    856 |   1 | 1119.0 |
               +--------+--------+--------+--------+--------+-----+--------+

Top non-repeatable levels by time:
  Lair:6: 2795 daAuts
     D:5: 1958 daAuts
    D:14: 1865 daAuts
   Orc:1: 1645 daAuts
  Lair:4: 1593 daAuts
     D:2: 1565 daAuts
  Lair:5: 1549 daAuts
    D:10: 1480 daAuts
Spider:4: 1478 daAuts
 Swamp:2: 1355 daAuts
    D:15: 1320 daAuts
 Swamp:1: 1243 daAuts
  Lair:3: 1237 daAuts
 Swamp:3: 1235 daAuts
   Orc:2: 1164 daAuts
